Map: [ESL] Inside and Out

Players

Spirit - Winner!

  • Race: Terran Terran
  • Spawn Location: 7:00

Rattata

  • Race: Zerg Zerg
  • Spawn Location: 1:00

Event: DreamHack SC2 Masters 2022 Atlanta (Online)

VOD

Have the link to the VOD?

Description

Time

  • Played on: Oct. 5, 2022, 11:23 a.m.
  • Length: 8:28

All games in this series

Show
View Real Time Build Order
Export as new Build Order

Spirit Terran - Winner!

Build Orders: Reaper Expand, Hellion Banshee 

Get SALT Encoding   

  12  0:00  SCV  
  13  0:13  SCV  
  14  0:16  Supply Depot  
  14  0:25  SCV  
  15  0:38  SCV  
  15  0:40  Barracks  
  16  0:43  Refinery  
  16  0:50  SCV  
  17  1:02  SCV  
  18  1:14  SCV  
  19  1:27  Reaper, Orbital Command  
  20  1:40  Command Center  
  20  1:50  Supply Depot  
  20  1:52  SCV  
  21  1:58  Marine  
  22  2:05  SCV  
  23  2:13  Factory  
  23  2:17  SCV  
  23  2:19  Barracks Reactor  
  24  2:29  SCV  
  25  2:39  Command Center  
  25  2:41  SCV  
  26  2:52  Orbital Command  
  26  2:53  SCV  
  27  2:59  Starport  
  27  3:04  Refinery  
  27  3:06  SCV  
  27  3:09  Barracks Tech Lab  
  28  3:17  Hellion  
  28  3:18  Hellion  
  32  3:20  SCV  
  32  3:22  SCV  
  34  3:32  SCV  
  35  3:35  SCV  
  36  3:41  Banshee  
  36  3:42  Hellion x2  
  36  3:44  SCV  
  36  3:47  SCV  
  45  3:52  Orbital Command  
  45  3:53  Cloaking Field  
  45  3:57  SCV  
  45  3:58  Barracks Tech Lab  
  45  4:02  SCV  
  47  4:03  Supply Depot  
  47  4:06  Hellion  
  49  4:11  Hellion  
  49  4:12  SCV  
  49  4:15  SCV  
  53  4:18  SCV  
  53  4:24  SCV, Banshee  
  55  4:27  SCV  
  55  4:30  SCV  
  55  4:31  Bunker x2  
  60  4:33  Marauder  
  60  4:36  SCV  
  63  4:42  SCV  
  64  4:46  SCV  
  64  4:47  Stimpack  
  64  4:49  SCV  
  66  4:55  Barracks  
  66  4:57  SCV  
  66  4:58  Barracks  
  67  5:01  Refinery x2  
  67  5:03  Supply Depot, Engineering Bay  
  67  5:04  SCV  
  67  5:05  Orbital Command  
  67  5:06  Engineering Bay  
  68  5:10  Barracks x2, Factory Reactor, SCV  
  69  5:24  SCV x2  
  71  5:32  Terran Infantry Weapons Level 1  
  71  5:33  SCV, Terran Infantry Armor Level 1  
  71  5:35  Starport Reactor  
  72  5:36  SCV x2  
  72  5:42  Supply Depot x2  
  74  5:43  Supply Depot  
  74  5:44  Marine x2  
  74  5:45  SCV  
  77  6:03  SCV, Marine x3  
  77  6:04  SCV x2, Siege Tank  
  87  6:07  Marine x2  
  87  6:09  Barracks Reactor x2  
  88  6:16  SCV x3  
  89  6:21  Marine x3  
  89  6:24  Marine  
  89  6:25  Marine  
  93  6:27  Combat Shield  
  93  6:28  SCV  
  93  6:29  Supply Depot  
  93  6:30  SCV x2  
  93  6:31  Medivac  
  93  6:38  Supply Depot  
  93  6:39  Supply Depot  
  93  6:41  Marine x3  
  93  6:42  SCV x2, Medivac, Marine  
  93  6:43  Supply Depot  
  93  6:47  Refinery, Armory  
  101  6:50  SCV, Marine x3  
  105  6:54  SCV x2  
  105  6:59  Siege Tank, Marine x5  
  105  7:00  Bunker, Marine  
  116  7:02  SCV  
  116  7:05  Bunker  
  116  7:06  Supply Depot  
  116  7:07  Supply Depot x2  
  116  7:08  SCV, Marine x3  
  121  7:11  SCV  
  122  7:16  Marine  
  122  7:17  Medivac x2, Marine x3  
  122  7:20  Marine  
  122  7:22  Marine  
  124  7:26  Marine x3  
  127  7:32  Siege Tank  
  127  7:34  Marine x2  
  127  7:35  Marine x2  
  134  7:38  Marine  
  134  7:40  Marine  
  134  7:43  Marine x2  
  134  7:44  Reaper  
  138  7:52  Sensor Tower, Marine x2  
  138  7:53  Supply Depot, Marine x2  
  138  7:54  Supply Depot  
  138  7:56  Marine  
  138  7:58  Marine  
  144  8:01  Marine x2  
  146  8:09  Missile Turret  
  146  8:10  Marine x2  
Show
View Real Time Build Order
Export as new Build Order

Rattata Zerg 

Build Orders: Hatch First 

Get SALT Encoding   

  12  0:00  Drone  
  13  0:12  Overlord  
  13  0:16  Drone  
  14  0:30  Drone x2  
  16  0:47  Hatchery  
  15  0:51  Drone  
  15  0:54  Drone  
  17  0:58  Drone  
  18  1:08  Extractor  
  17  1:13  Spawning Pool  
  17  1:16  Drone  
  17  1:19  Drone  
  18  1:27  Drone  
  19  1:38  Drone  
  20  1:49  Drone  
  21  1:59  Queen  
  21  2:00  Zergling x4, Queen  
  27  2:11  Overlord  
  27  2:13  Drone  
  28  2:22  Hatchery  
  27  2:25  Drone  
  27  2:29  Spore Crawler  
  28  2:30  Drone  
  28  2:31  Drone  
  28  2:34  Spore Crawler  
  28  2:36  Drone  
  30  2:41  Queen  
  32  2:46  Overlord  
  32  2:49  Drone  
  33  2:52  Metabolic Boost  
  33  2:56  Drone  
  33  2:57  Drone  
  35  3:05  Queen  
  37  3:06  Drone  
  37  3:08  Drone  
  39  3:14  Drone x3  
  42  3:20  Roach Warren  
  42  3:21  Extractor  
  42  3:22  Drone  
  42  3:24  Drone  
  42  3:26  Drone  
  43  3:35  Overlord x2  
  43  3:57  Overlord  
  43  3:59  Roach  
  43  4:00  Roach x3  
  43  4:02  Zergling x8, Roach  
  57  4:11  Overlord  
  57  4:14  Roach  
  57  4:15  Roach, Overlord  
  57  4:16  Zergling x4  
  63  4:17  Zergling x2  
  63  4:23  Zergling x6  
  67  4:24  Zergling x2  
  67  4:26  Zergling x2  
  69  4:34  Zergling x4  
  69  4:35  Ravager  
  69  4:37  Zergling x2  
  73  4:42  Zergling x2  
  71  4:46  Drone x4  
  71  4:51  Spore Crawler  
  71  4:52  Spore Crawler, Drone x2  
  75  4:53  Drone  
  74  5:00  Spore Crawler  
  74  5:01  Lair  
  74  5:04  Drone  
  74  5:05  Drone  
  75  5:10  Drone  
  75  5:11  Drone x2  
  75  5:13  Drone  
  79  5:18  Overlord  
  79  5:28  Roach x4  
  83  5:38  Roach x5  
  83  5:40  Overlord  
  93  5:43  Drone x2  
  93  5:44  Extractor  
  93  5:47  Overlord  
  93  5:48  Drone  
  93  5:49  Drone  
  96  5:50  Drone  
  97  5:57  Evolution Chamber  
  97  5:58  Evolution Chamber  
  97  6:02  Drone x5  
  97  6:03  Drone  
  101  6:11  Overlord  
  99  6:15  Drone x5  
  99  6:18  Drone x2, Overlord  
  97  6:19  Drone  
  97  6:23  Drone  
  91  6:27  Drone  
  91  6:29  Zerg Ground Armor Level 1, Zerg Missile Weapons Level 1  
  78  6:36  Overseer  
  72  6:40  Extractor  
  72  6:41  Extractor  
  72  6:43  Zergling x20  
  80  6:57  Roach x7  
  94  7:01  Roach  
  94  7:04  Overseer  
  94  7:06  Overlord  
  94  7:07  Glial Reconstitution  
  96  7:10  Overlord  
  96  7:13  Overlord, Evolution Chamber  
  95  7:17  Roach x2  
  95  7:22  Roach x2  
  101  7:23  Roach x2  
  101  7:27  Zergling x2  
  101  7:28  Zergling x6  
  104  7:36  Roach x6  
  117  7:44  Roach x2  
  117  7:48  Roach x2  
  122  7:53  Ravager x2  
  122  7:54  Zergling x8  
  122  7:57  Overlord  
  128  8:00  Overlord x2  
  128  8:04  Overlord  
  128  8:08  Ravager  
Tags
 
Add a new tag
Caveats
  • Supply blocks, unpowered buildings, or Contaminate may cause inaccurate times.
  • Supply counts are checked every 10 seconds.